 Dungeon Crawl Stone Soup version 0.20.1-1-g8b1a95d (webtiles) character file.

2251 dvd the Basher (level 9, -8/71 HPs)
             Began as a Minotaur Wizard on Oct 16, 2017.
             Was a Priest of Okawaru.
             Mangled by an orc warrior
             ... wielding a +0 halberd
              (18 damage)
             ... on level 7 of the Dungeon.
             The game lasted 00:22:03 (7660 turns).

dvd the Basher (Minotaur Wizard)                    Turns: 7660, Time: 00:22:03

Health: -8/71      AC: 15    Str: 13    XL:     9   Next: 15%
Magic:  13/14      EV: 16    Int: 15    God:    Okawaru [***...]
Gold:   345        SH:  0    Dex: 11    Spells: 12/16 levels left

rFire    . . .     SeeInvis .   a - +1 mace (protect)
rCold    + . .     Gourm    .   (no shield)
rNeg     . . .     Faith    .   p - +1 leather armour {rF+}
rPois    .         Spirit   .   w - +2 hat
rElec    .         Reflect  .   m - +0 cloak
rCorr    .         Harm     .   (no gloves)
MR       .....                  (no boots)
Stlth    +++.......             D - amulet of regeneration
Regen    0.7/turn               r - ring of ice
MPRegen  0.2/turn               (no ring)

@: heroism, protection aura
A: retaliatory headbutt, horns 2
a: Heroism, Renounce Religion


You were on level 7 of the Dungeon.
You worshipped Okawaru.
Okawaru was most pleased with you.
You were hungry.

You visited 2 branches of the dungeon, and saw 8 of its levels.
You also visited: Ossuary.

You collected 345 gold pieces.

Inventory:

Hand Weapons
 a - a +1 mace of protection (weapon)
 b - a +0 hand axe
 v - a +0 battleaxe
Armour
 m - a +0 cloak (worn)
 p - a +1 leather armour of fire resistance (worn)
 w - a +2 hat (worn)
 A - a +0 large shield
Jewellery
 r - a ring of ice (left hand)
 B - an uncursed amulet of guardian spirit
 D - an amulet of regeneration (around neck)
Wands
 F - a wand of lightning (7/15)
Scrolls
 g - 2 scrolls of enchant armour
 h - 4 scrolls of amnesia
 i - 10 scrolls of identify
 u - a scroll of fog
 x - 3 scrolls of immolation
 y - a scroll of remove curse
 z - a scroll of magic mapping
 G - a scroll of teleportation
Potions
 e - 3 potions of curing {unknown}
 k - 2 potions of agility
 l - a potion of lignification
 n - 4 potions of mutation {unknown}
 q - 3 potions of heal wounds
 s - a potion of might {unknown}
 t - 2 potions of flight {unknown}
 E - 2 potions of brilliance {unknown}
 H - a potion of cancellation {unknown}
Books
 c - a book of Minor Magic

   Spells                             Type                      Level
   a - Magic Dart                     Conjuration                  1
   b - Blink                          Translocation                2
   c - Call Imp                       Summoning                    2
   d - Slow                           Hexes                        2
   e - Conjure Flame                  Conjuration/Fire             3
   f - Mephitic Cloud                 Conjuration/Poison/Air       3
Comestibles
 d - 3 bread rations
 f - 6 fruits
 j - 8 chunks of flesh
 o - a meat ration
 C - 3 royal jellies


   Skills:
 + Level 4.2(9.2) Fighting
 + Level 8.8(13.8) Maces & Flails
 + Level 4.3(9.3) Armour
 + Level 4.8(9.8) Dodging
 + Level 2.6(7.6) Stealth
 + Level 0.2(5.2) Unarmed Combat
 + Level 4.0 Spellcasting
   Level 1.6 Conjurations
 + Level 2.5 Summonings
 + Level 0.6 Translocations
 + Level 0.4 Invocations


You had 12 spell levels left.
You knew the following spells:

 Your Spells              Type           Power        Failure   Level  Hunger
b - Call Imp              Summ           ##......     12%         2    ##.....
c - Blink                 Tloc           N/A          26%         2    ##.....


Dungeon Overview and Level Annotations

Branches:
Dungeon (7/15)             Temple (1/1) D:5

Altars:
Ashenzari
Cheibriados
Dithmenos
Elyvilon
Fedhas
Gozag
Hepliaklqana
Kikubaaqudgha
Makhleb
Nemelex Xobeh
Okawaru
Qazlal
Ru
Sif Muna
Trog
Uskayaw
Vehumet
Xom
Yredelemnul
Zin
The Shining One

Shops:
D:4 =


Innate Abilities, Weirdness & Mutations

You reflexively headbutt those who attack you in melee.
You have a pair of horns on your head.


Message History

The ice beast closely misses you.
You completely miss the ice beast.
The ice beast is severely wounded.
The orc warrior completely misses you.
The ice beast hits you but does no damage.
You thump the ice beast! Your headbutt misses the ice beast.
The ice beast is almost dead.
You hit the ice beast.
You kill the ice beast!
Okawaru accepts your kill.
The orc warrior hits you but does no damage.
The orc warrior hits you with a halberd!!
* * * LOW HITPOINT WARNING * * *
You see here a howler monkey corpse.
You hit the orc warrior.
The orc warrior is lightly wounded.
You hit the orc warrior but do no damage.
The orc warrior is lightly wounded.
The orc warrior hits you with a halberd!!
You die...

*,...#.**,,,*,,,,*,****#....
*,...#.******,,,,#.# #....
**,.....#### *,,,,#.# #....
*,,........# *,,,,#.# ##...
*,,........# *,,,,#.# #...
*,,........# *,,,,#.# #...
*,,........# *****#.# #...
*,,.......(########.######...
*,,....>..oo@............'...
*,,.......o######.########...
*,,.........,* #.#### #(..
*,,....?....,* #)...# #...
*,,..........* ####.# ####
*,,..........* *,#
*****,,..%.......# *,*
,,,,,,,,......o,,* *,*
*****,,,,,,,,,,,,* *,* ******


You could see an orc warrior and 2 orcs.

Vanquished Creatures
  A troll (D:6)
  Prince Ribbit (D:5)
  An orc warrior (D:7)
  An ice beast (D:7)
  A phantom (D:5)
  4 ogres
  A centaur (D:6)
  11 scorpions (Ossuary)
  2 howler monkeys
  2 human zombies (Ossuary)
  A hound (D:5)
  3 centaur zombies
  A bullfrog skeleton (D:6)
  A jelly (D:6)
  An orc priest (D:3)
  An iguana (D:4)
  An orc wizard (D:3)
  2 worker ants
  2 big kobold zombies (Ossuary)
  A hound skeleton (D:6)
  A mummy (Ossuary)
  A gnoll (D:6)
  An adder (D:3)
  An ooze (D:1)
  2 adder skeletons (D:5)
  2 worms
  3 dart slugs
  5 leopard geckos
  13 orcs
  9 bats
  8 giant cockroaches
  2 gnoll zombies (Ossuary)
  5 hobgoblins
  2 jackals (D:6)
  8 kobolds
  5 quokkas
  A ball python (D:4)
  5 frilled lizards
  8 goblins
  2 goblin zombies (Ossuary)
  A hobgoblin zombie (Ossuary)
  5 kobold zombies (Ossuary)
  An orc zombie (Ossuary)
  A quokka skeleton (D:4)
  A quokka zombie (D:6)
  10 rats
142 creatures vanquished.

Vanquished Creatures (collateral kills)
  An ogre (D:6)
  2 worker ants
  2 mummies (Ossuary)
  An adder (D:2)
  A worm (D:2)
  A giant cockroach (D:2)
  A hobgoblin zombie (Ossuary)
  A kobold zombie (Ossuary)
  An orc zombie (Ossuary)
11 creatures vanquished.

Vanquished Creatures (others)
  A goblin zombie (Ossuary)
1 creature vanquished.

Grand Total: 154 creatures vanquished

Notes
Turn   | Place    | Note
-------+----------+-------------------------------------------
     0 | D:1      | dvd the Minotaur Wizard began the quest for the Orb.
     0 | D:1      | Reached XP level 1. HP: 14/14 MP: 2/2
   375 | D:1      | Reached XP level 2. HP: 20/20 MP: 2/4
   600 | D:1      | Learned a level 2 spell: Call Imp
   906 | D:1      | Reached XP level 3. HP: 20/26 MP: 0/6
  1630 | D:2      | Learned a level 2 spell: Blink
  1695 | D:2      | Reached skill level 1 in Maces & Flails
  2060 | D:2      | Reached XP level 4. HP: 34/34 MP: 1/7
  2490 | D:3      | Reached skill level 1 in Fighting
  2490 | D:3      | Reached skill level 2 in Maces & Flails
  2928 | D:3      | Reached skill level 1 in Conjurations
  3185 | D:3      | Reached XP level 5. HP: 36/40 MP: 6/8
  3190 | D:3      | Reached skill level 1 in Armour
  3852 | D:4      | Found Rureff's Jewellery Boutique.
  3992 | D:4      | Found a radiant altar of Vehumet.
  3992 | D:4      | Found an opulent altar of Gozag.
  3998 | D:4      | Found a burning altar of Makhleb.
  4000 | D:4      | Found an iron altar of Okawaru.
  4001 | D:4      | Found a bloodstained altar of Trog.
  4032 | D:4      | Became a worshipper of Warmaster Okawaru
  4183 | D:5      | Entered Level 5 of the Dungeon
  4254 | D:5      | Found a shattered altar of Ashenzari.
  4305 | D:5      | Noticed a phantom
  4320 | D:5      | Reached skill level 3 in Maces & Flails
  4320 | D:5      | Reached XP level 6. HP: 25/48 MP: 1/9
  4618 | D:5      | Reached skill level 4 in Maces & Flails
  4673 | D:5      | Noticed Prince Ribbit
  4697 | D:5      | Killed Prince Ribbit
  4697 | D:5      | Reached * piety under Okawaru
  4697 | D:5      | Reached skill level 5 in Maces & Flails
  4697 | D:5      | Reached XP level 7. HP: 32/55 MP: 1/10
  4929 | D:5      | Found a staircase to the Ecumenical Temple.
  4935 | Temple   | Entered the Ecumenical Temple
  5562 | D:6      | Reached skill level 1 in Summonings
  5626 | D:6      | Found a sand-covered staircase.
  5633 | Ossuary  | Entered an ossuary
  5765 | Ossuary  | Reached skill level 6 in Maces & Flails
  5993 | Ossuary  | Reached XP level 8. HP: 60/63 MP: 9/12
  6018 | Ossuary  | Reached ** piety under Okawaru
  6131 | Ossuary  | Reached skill level 7 in Maces & Flails
  6948 | D:6      | Noticed a troll
  6966 | D:6      | Killed a troll
  6966 | D:6      | Reached *** piety under Okawaru
  6966 | D:6      | Reached skill level 8 in Maces & Flails
  7548 | D:7      | Reached XP level 9. HP: 24/71 MP: 9/13
  7660 | D:7      | Mangled by an orc warrior

Skill      XL: |  1  2  3  4  5  6  7  8  9 |
---------------+----------------------------+-----
Maces & Flails | 1 2 3 5 6 8 |  8.8
Fighting       | 1 2 3 4 |  4.2
Spellcasting   | 3 4 |  4.0
Conjurations   | 1 |  1.6
Armour         | 2 3 4 |  4.3
Stealth        | 2 |  2.6
Dodging        | 3 4 |  4.8
Summonings     | 1 2 |  2.5
Unarmed Combat | |  0.2
Translocations | |  0.6
Invocations    | |  0.4

Action                   |  1- 3 |  4- 6 |  7- 9 || total
-------------------------+-------+-------+-------++-------
Melee: Unarmed           |    24 |       |       ||    24
       Headbutt          |     9 |    18 |    63 ||    90
       Mace              |    60 |   138 |   331 ||   529
       Club              |    12 |       |       ||    12
       Punch             |       |       |     1 ||     1
 Cast: Magic Dart        |    41 |    42 |    15 ||    98
       Call Imp          |     3 |     8 |    28 ||    39
Invok: Heroism           |       |       |     5 ||     5
  Use: Scroll            |       |     4 |    14 ||    18
       Potion            |       |       |     6 ||     6
 Stab: Sleeping          |     2 |     1 |     2 ||     5
       Distracted        |       |     1 |       ||     1
  Eat: Chunk             |     4 |     9 |     6 ||    19
       Meat ration       |       |       |     1 ||     1
       Fruit             |       |       |     1 ||     1
Armor: Robe              |    28 |       |       ||    28
       Leather armour    |    16 |    52 |   115 ||   183
Dodge: Dodged            |    88 |    85 |   204 ||   377
